 Dungeon Crawl Stone Soup version 0.28-a0-655-g4eb62b627b (webtiles) character file.

Game seed: 8027956307875506348

251 jasper the Magician (level 5, -1/35 HPs)
             Began as a Demonspawn Hedge Wizard on Oct 12, 2021.
             Was an Initiate of Gozag.
             Slain by a phantom (8 damage)
             ... on level 3 of the Dungeon.
             The game lasted 00:08:22 (5714 turns).

jasper the Magician (Demonspawn Hedge Wizard)       Turns: 5714, Time: 00:08:24

Health: -1/35      AC:  2    Str: 10    XL:     5   Next: 88%
Magic:  7/11       EV: 14    Int: 16    God:    Gozag
Gold:   611        SH:  0    Dex: 13    Spells: 2/12 levels left

rFire   . . .      SeeInvis .   d - +3 dagger (elec)
rCold   + . .      Faith    .   (no shield)
rNeg    . . .      Spirit   .   p - +0 robe {rC+}
rPois   .          Reflect  .   c - +0 hat
rElec   .          Harm     .   (no cloak)
rCorr   .          Rampage  .   (no gloves)
Will    .....                   (no boots)
Stlth   ++........              (no amulet)
HPRegen 0.11/turn               (no ring)
MPRegen 0.12/turn               (no ring)

@: no status effects
A: antennae 1, repulsion field 1, powered by pain 1
a: Renounce Religion, Potion Petition, Call Merchant, Bribe Branch


You were on level 3 of the Dungeon.
You worshipped Gozag.
Gozag was pleased with you.
You visited 1 branch of the dungeon, and saw 4 of its levels.

You collected 611 gold pieces.

Inventory:

Hand Weapons
 a - a +0 dagger
 d - a +3 dagger of electrocution (weapon)
 g - a +0 great mace
Missiles
 l - 64 stones
 n - 2 javelins
Armour
 b - a +0 robe
 c - a +0 hat (worn)
 j - a scarf of harm
 o - +0 ice dragon scales
 p - a +0 robe of cold resistance (worn)
Jewellery
 r - a ring of flight
Scrolls
 e - 3 scrolls of amnesia
 h - 2 scrolls of teleportation
Potions
 f - a potion of heal wounds
 i - 2 potions of curing {unknown}
 k - 2 potions of attraction {unknown}
 m - 3 potions of haste {unknown}
 q - a potion of degeneration {unknown}


   Skills:
 - Level 1.7 Dodging
 - Level 1.7 Stealth
 - Level 4.3 Spellcasting
 - Level 1.4 Conjurations
 - Level 0.9 Hexes
 - Level 3.6 Summonings
 + Level 1.6 Translocations
 - Level 0.9 Air Magic
 - Level 1.0 Poison Magic


You had 2 spell levels left.
You knew the following spells:

 Your Spells              Type           Power      Damage    Failure   Level
a - Magic Dart            Conj           32%        1d4       9%          1
b - Call Imp              Summ           15%        N/A       5%          2
c - Blink                 Tloc           N/A        N/A       12%         2
d - Slow                  Hex            6%         N/A       17%         2
e - Mephitic Cloud        Conj/Pois/Air  7%         N/A       30%         3

Your spell library contained the following spells:

 Spells                   Type           Power      Damage    Failure   Level
 Freeze                   Ice            12%        1d4       17%         1
 Dazzling Flash           Conj/Hex       14%        N/A       30%         3
 Conjure Flame            Conj/Fire      5%         6-21      36%         3
 Frozen Ramparts          Ice            6%         1d2       45%         3
 Ozocubu's Armour         Ice            3%         N/A       45%         3
 Iskenderun's Mystic Bla  Conj/Tloc      8%         2d4       65%         4
 Hailstorm                Conj/Ice       5%         3d4       77%         4
 Metabolic Englaciation   Hex/Ice        2%         N/A       98%         5
 Simulacrum               Ice/Necr       1%         N/A       100%        6
 Starburst                Conj/Fire      2%         6d3       100%        6


Dungeon Overview and Level Annotations

Branches:
Dungeon (4/15)
 Temple: D:4-7

Altars:
Fedhas
Gozag
Xom


Innate Abilities, Weirdness & Mutations

You have a pair of small antennae on your head.
You are surrounded by a mild repulsion field. (EV +2)
You sometimes gain a little power by taking damage.


Message History

You take 3 damage, and have 28/35 hp.
You hit the phantom.
The phantom is moderately damaged.
The phantom barely misses you.
You hit the phantom but do no damage.
The phantom is moderately damaged.
The phantom misses you.
You completely miss the phantom.
The phantom is moderately damaged.
The phantom hits you!
You take 9 damage, and have 19/35 hp.
MASSIVE DAMAGE!!
You barely miss the phantom.
The phantom is moderately damaged.
The phantom hits you!
You focus on the pain.
You feel your power returning.
Your magical contamination has completely faded away.
You take 7 damage, and have 12/35 hp.
You regained 7 mp, and now have 8/11 mp.
You closely miss the phantom.
The phantom is moderately damaged.
The phantom hits you.
* * * LOW HITPOINT WARNING * * *
The phantom blinks!
You blink.
You take 5 damage, and have 7/35 hp.
You barely miss the phantom.
The phantom is moderately damaged.
The phantom hits you but does no damage.
Casting: Call Imp (safe; 5% risk of failure)
Confirm with . or Enter, or press ? or * to list all spells.
A beastly little devil appears in a puff of flame.
The phantom hits you.
* * * LOW HITPOINT WARNING * * *
You take 1 damage, and have 6/35 hp.
You now have 7/11 mp.
You hit the phantom.
The phantom is moderately damaged.
The phantom barely misses you.
You barely miss the phantom.
The phantom is moderately damaged.
The phantom hits you!
You die...
Your body crumbles into a pile of gold.

##.##### #.#...#.#
######.......# ##.#
#.#...#.# ###.##### ...#
#.......# #.##### ####
#.......# #.##...
#.##.##.#### #....#.
#.##.......#### ##.....
#####.#####.##....##
#.##.#
#.......<.#.##.###.##
#.##..
####.###......@#...###.#
#.####
#.......###..5.W.#..##)#
#.#### #.#..##.#
#.####....##.# #.....
#...###.# #.# ##.#.#.##
###### #....##.# #.#
##...## #.##.##.###.###
#.#># #.##.##.#.....#
#...# #.......#.....#
##.##
####.####.....#####.####


You could see a phantom (ally target) and a friendly crimson imp (summoned).

Vanquished Creatures
  A phantom (D:4)
  A bullfrog skeleton (D:4)
  5 adders
  3 worms
  4 dart slugs
  5 bats
  8 endoplasms
  3 giant cockroaches (D:1)
  8 goblins
  9 hobgoblins
  9 jackals
  7 quokkas
  4 ball pythons
  9 kobolds
  2 rats
78 creatures vanquished.

Vanquished Creatures (others)
  An adder (D:4)
  An endoplasm (D:4)
  A hobgoblin (D:4)
3 creatures vanquished.

Grand Total: 81 creatures vanquished

Notes
Turn   | Place    | Note
-------+----------+-------------------------------------------
     0 | D:1      | jasper the Demonspawn Hedge Wizard began the quest for the
                  | Orb.
     0 | D:1      | Reached XP level 1. HP: 13/13 MP: 4/4
   119 | D:1      | Gained mutation: You sometimes gain a little power by
                  | taking damage. [demonic ancestry]
   119 | D:1      | Reached XP level 2. HP: 8/19 MP: 0/6
   123 | D:1      | Learned a level 2 spell: Call Imp
   126 | D:1      | Learned a level 2 spell: Blink
   129 | D:1      | Learned a level 2 spell: Slow
   634 | D:1      | Found a faded altar of an unknown god.
   678 | D:1      | Prayed at the altar of an unknown god.
   678 | D:1      | Became a worshipper of Gozag Ym Sagoz the Greedy
  1049 | D:1      | Reached skill level 4 in Spellcasting
  1056 | D:1      | Gained mutation: You have a pair of small antennae on your
                  | head. [demonic ancestry]
  1056 | D:1      | Reached XP level 3. HP: 24/24 MP: 1/8
  1348 | D:1      | Learned a level 3 spell: Mephitic Cloud
  2116 | D:2      | Reached skill level 1 in Translocations
  2606 | D:2      | Gained mutation: You are surrounded by a mild repulsion
                  | field. (EV +2) [demonic ancestry]
  2606 | D:2      | Reached XP level 4. HP: 13/30 MP: 0/10
  2822 | D:2      | You fall into a shaft and drop 2 floors!
  3630 | D:3      | Reached skill level 1 in Poison Magic
  3742 | D:3      | Found a blossoming altar of Fedhas.
  3926 | D:3      | Reached XP level 5. HP: 26/35 MP: 3/11
  5030 | D:4      | Noticed a phantom
  5044 | D:4      | Killed a phantom
  5671 | D:4      | Noticed a phantom
  5679 | D:4      | Found a shimmering altar of Xom.
  5714 | D:3      | Slain by a phantom

Illustrated notes

Levels and vault maps discovered:
D:1:      dpeg_arrival_shelter, layout_basic,
          shapermc_ecumenical_altar_totnotflames
D:2:      layout_basic, minmay_split_cup_large
D:3:      layout_loops_cross, fedhas_altar_3
D:4:      layout_gridville, xom_confusion_cloud

Skill      XL: |  1  2  3  4  5 |
---------------+----------------+-----
Spellcasting   | 4 |  4.3
Translocations | 1 |  1.6
Poison Magic   | 1 |  1.0
Summonings     | 2 3 |  3.6
Dodging        | |  1.7
Stealth        | |  1.7
Conjurations   | |  1.4
Hexes          | |  0.9
Air Magic      | |  0.9

Action                   |  1- 3 |  4- 6 || total
-------------------------+-------+-------++-------
Melee: Dagger            |    49 |    72 ||   121
Throw: Javelin           |       |     2 ||     2
 Cast: Magic Dart        |    92 |   112 ||   204
       Call Imp          |     2 |     5 ||     7
  Use: Potion            |     1 |       ||     1
       Scroll            |       |     4 ||     4
 Stab: Distracted        |     1 |     1 ||     2
Armor: Robe              |    10 |    15 ||    25
Dodge: Dodged            |    39 |    65 ||   104

Table legend: (Time is in decaauts)
 A = Elapsed time spent in this place.
 B = Non-inter-level travel time spent in this place.
 C = Inter-level travel time spent in this place.
 D = Time resting spent in this place.
 E = Time spent auto-exploring this place.
 F = Levels seen in this place.
 G = Mean time per level.
                   A        B        C        D        E       F      G
               +--------+--------+--------+--------+--------+-----+--------+
         Total |   5715 |   5581 |    134 |    248 |   4645 |   4 | 1428.8 |
       Dungeon |   5715 |   5581 |    134 |    248 |   4645 |   4 | 1428.8 |
               +--------+--------+--------+--------+--------+-----+--------+

Top non-repeatable levels by time:
     D:1: 1597 daAuts
     D:2: 1496 daAuts
     D:3: 1352 daAuts
     D:4: 1269 daAuts
